 Dungeon Crawl Stone Soup version 0.22.1-2-g9c5b331383 (webtiles) character file.

681 Jerry the Magician (level 7, 0/36 HPs)
             Began as a Deep Elf Fire Elementalist on Dec 14, 2018.
             Succumbed to a gnoll's poison
             ... on level 3 of the Dungeon on Dec 15, 2018.
             The game lasted 00:31:25 (5158 turns).

Jerry the Magician (Deep Elf Fire Elementalist)     Turns: 5158, Time: 00:31:25

Health: 0/36       AC:  3    Str:  5    XL:     7   Next: 34%
Magic:  1/19       EV: 13    Int: 22    God:
Gold:   107        SH:  0    Dex: 15    Spells: 12/19 levels left

rFire    . . .     SeeInvis .   q - +2 dagger (venom)
rCold    . . .     Gourm    .   (no shield)
rNeg     . . .     Faith    .   a - +0 robe
rPois    .         Spirit   .   (no helmet)
rElec    .         Reflect  .   (no cloak)
rCorr    .         Harm     .   o - +0 pair of gloves
MR       .....                  (no boots)
Stlth    +.........             (no amulet)
HPRegen  0.12/turn              (no ring)
MPRegen  0.16/turn              (no ring)

@: lethally poisoned (0 -> -33), glowing
A: no striking features
a: no special abilities


You were on level 3 of the Dungeon.
You were not hungry.

You visited 1 branch of the dungeon, and saw 3 of its levels.

You collected 107 gold pieces.

Inventory:

Hand Weapons
 k - a +2 mace of protection
 q - a +2 dagger of venom (weapon)
Armour
 a - a +0 robe (worn)
 o - a +0 pair of gloves (worn)
Jewellery
 r - a +2 ring of strength {unknown}
Wands
 m - a wand of flame (21)
 t - a wand of scattershot (3)
Scrolls
 d - 2 scrolls of amnesia {unknown}
 e - 3 scrolls of identify {unknown}
 f - 3 scrolls of teleportation {unknown}
 p - 2 scrolls of enchant armour {unknown}
Potions
 b - a potion of heal wounds {unknown}
 g - 2 potions of degeneration {unknown}
 h - a potion of flight {unknown}
 i - a potion of might {unknown}
 l - a potion of ambrosia {unknown}
 s - a potion of magic {unknown}
Comestibles
 c - 4 rations


   Skills:
 + Level 3.0 Dodging
 - Level 2.4 Stealth
 + Level 6.6 Spellcasting
 + Level 4.9 Conjurations
 + Level 6.0 Fire Magic


You had 12 spell levels left.
You knew the following spells:

 Your Spells              Type           Power        Failure   Level  Hunger
a - Flame Tongue          Conj/Fire      ####.        1%          1    None
b - Throw Flame           Conj/Fire      ####..       1%          2    None
c - Sticky Flame          Conj/Fire      ####....     9%          4    ###....

Your spell library contained the following spells:

 Spells                   Type           Power        Failure   Level  Hunger
 Conjure Flame            Conj/Fire      ####....     2%          3    #......
 Inner Flame              Hex/Fire       ###.....     8%          3    #......
 Fireball                 Conj/Fire      ####......   24%         5    #####..


Dungeon Overview and Level Annotations

Branches:
Dungeon (3/15)

Altars:
Nemelex Xobeh
Uskayaw
Wu Jian


Message History

The gnoll hits you from afar with a halberd of venom.
The gnoll shaman splashes around in the water.
The gnoll shaman hits you but does no damage.
The gnoll hits you but does no damage.
You are more poisoned.
Casting: Sticky Flame (safe; 9% risk of failure)
Confirm with . or Enter, or press ? or * to list all spells.
Aiming: Flame Tongue (safe; 1% risk of failure)
Press: ? - help, Shift-Dir - straight line, f - gnoll shaman
Aim: a gnoll shaman, wielding a whip and wearing a robe (fast)
The flame tongue hits the gnoll shaman.
The gnoll shaman is moderately wounded.
You feel sick.
The gnoll shaman is engulfed in a cloud of scalding steam.
The gnoll shaman misses you.
The gnoll hits you from afar with a halberd of venom!!
Ouch! That really hurt!
* * * LOW HITPOINT WARNING * * *
You are more poisoned.
You die...

..#.##....<....##.....# #...##.#.
..#.##.........##.....# #........
.##.# ##.#<#'####.....###........
.##.# ..................g. .##.#
................#.##
.##.#################...######.#
.##............÷.....[....)....#
#####################...######(##
#.....P.....@.)..............
#....≈≈≈≈≈≈≈≈≈gg≈≈≈≈≈≈≈≈....≈
#....≈≈≈≈≈≈≈≈≈≈≈≈≈≈≈≈≈≈≈....≈
#....≈≈#####≈≈≈≈≈≈≈≈≈≈≈≈....≈
#....≈≈#...#...........).....
#....≈≈#...#############''''#
#...P≈≈###'#...#.......#....#
#....≈≈≈.#...#.#.......#....#
#....≈≈≈.#.#.).#....)..))...'


You could see a gnoll shaman and a gnoll.

Vanquished Creatures
  An ogre (D:3)
  A bullfrog (D:3)
  3 gnoll shamans (D:3)
  Terence (D:3)
  28 gnolls (D:3)
  4 adders
  6 worms
  2 dart slugs
  2 leopard geckos
  An orc (D:3)
  8 bats
  8 giant cockroaches
  6 goblins
  6 hobgoblins
  18 jackals (D:3)
  7 kobolds
  A ball python (D:2)
  5 frilled lizards
  8 rats
116 creatures vanquished.

Notes
Turn   | Place    | Note
-------+----------+-------------------------------------------
     0 | D:1      | Jerry the Deep Elf Fire Elementalist began the quest for
                  | the Orb.
     0 | D:1      | Reached XP level 1. HP: 10/10 MP: 6/6
   267 | D:1      | Reached XP level 2. HP: 15/15 MP: 6/8
  1075 | D:2      | Found a hide-covered altar of Uskayaw.
  1123 | D:2      | Reached XP level 3. HP: 19/19 MP: 6/10
  1325 | D:2      | Found an ornate altar of the Wu Jian Council.
  1386 | D:2      | Learned a level 2 spell: Throw Flame
  1918 | D:2      | Found a sparkling altar of Nemelex Xobeh.
  2242 | D:3      | Reached XP level 4. HP: 24/24 MP: 3/12
  3103 | D:3      | Noticed Terence
  3418 | D:3      | Noticed a bullfrog
  3423 | D:3      | Killed a bullfrog
  3423 | D:3      | Reached skill level 5 in Spellcasting
  3423 | D:3      | Reached XP level 5. HP: 28/28 MP: 5/14
  3837 | D:3      | Killed Terence
  4095 | D:3      | Reached skill level 5 in Fire Magic
  4185 | D:3      | Reached XP level 6. HP: 32/32 MP: 4/16
  4849 | D:3      | Reached XP level 7. HP: 36/36 MP: 6/18
  4855 | D:3      | Learned a level 4 spell: Sticky Flame
  5158 | D:3      | Succumbed to a gnoll's poison

Skill      XL: |  1  2  3  4  5  6  7 |
---------------+----------------------+-----
Conjurations   | 2 3 4 |  4.9
Spellcasting   | 4 5 6 |  6.6
Fire Magic     | 4 5 6 |  6.0
Dodging        | 3 |  3.0
Stealth        | |  2.4

Action                   |  1- 3 |  4- 6 |  7- 9 || total
-------------------------+-------+-------+-------++-------
Melee: Mace              |       |     1 |       ||     1
       Dagger            |       |     7 |       ||     7
 Cast: Flame Tongue      |    65 |   105 |     9 ||   179
       Throw Flame       |    11 |    50 |    14 ||    75
       Sticky Flame      |       |       |     3 ||     3
Evoke: Wand              |       |     2 |       ||     2
  Use: Scroll            |       |     1 |       ||     1
  Eat: Chunk             |     3 |     9 |     1 ||    13
Armor: Robe              |     1 |     7 |     3 ||    11
Dodge: Dodged            |     2 |    22 |     4 ||    28
